 Dungeon Crawl Stone Soup version 0.30.0-29-ga12c61a403 (webtiles) character file.

Game seed: 4376370678116595950

55 Graphine the Trooper (level 3, -6/34 HPs)
             Began as a Hill Orc Fighter on June 23, 2023.
             Mangled by a gnoll
             ... wielding a +0 halberd
              (10 damage)
             ... on level 2 of the Dungeon.
             The game lasted 00:02:26 (1302 turns).

Graphine the Trooper (Hill Orc Fighter)             Turns: 1302, Time: 00:02:26

Health: -6/34      AC:  8    Str: 20    XL:     3   Next: 93%
Magic:  4/4        EV:  9    Int:  8    God:
Gold:   78         SH:  4    Dex: 10    Spells: 2/2 levels left

rFire   . . .        a - +0 war axe
rCold   . . .        c - +0 buckler
rNeg    . . .        b - +0 scale mail
rPois   .            (no helmet)
rElec   .            k - +0 cloak
rCorr   .            (no gloves)
SInv    .            (no boots)
Will    .....        (no amulet) Stlth
                     (no ring)
HPRegen 0.25/turn    (no ring)
MPRegen 0.09/turn

%: no passive effects
@: no status effects
A: no striking features
a: no special abilities


You were on level 2 of the Dungeon.
You visited 1 branch of the dungeon, and saw 2 of its levels.

You collected 78 gold pieces.

Inventory:

Hand Weapons
 a - a +0 war axe (weapon)
Armour
 b - a +0 scale mail (worn)
 c - a +0 buckler (worn)
 k - a +0 cloak (worn)
Scrolls
 e - a scroll of torment {unknown}
 f - a scroll of identify
 j - a scroll of poison {unknown}
 l - 2 scrolls of magic mapping {unknown}
Potions
 d - a potion of might
 g - a potion of lignification
 h - a potion of brilliance
 i - a potion of invisibility {unknown}
 m - a potion of heal wounds {unknown}


   Skills:
 * Level 4.3 Fighting
 * Level 3.6 Axes
 + Level 3.6 Armour
 - Level 3.3 Shields
 * Level 2.1 Invocations


You had 2 spell levels left.
You didn't know any spells.
Your spell library contained the following spells:

 Spells                   Type           Power      Damage    Failure   Level
 Apportation              Tloc           0%         N/A       83%         1
 Necrotise                Necr           0%         1d4       83%         1
 Summon Small Mammal      Summ           0%         N/A       83%         1
 Cigotuvi's Dreadful Rot  Necr/Pois/Air  0%         N/A       93%         2
 Ignite Poison            Fire/Tmut/Pois 0%         N/A       99%         3
 Freezing Cloud           Conj/Ice/Air   0%         6-21      100%        5


Dungeon Overview and Level Annotations

Branches:
Dungeon (2/15)

Altars:


Message History

You kill the kobold!
No target in view!
Things that are here:
a +0 short sword; 5 stones; a kobold corpse You see here a +0 whip.
You open the door.
There is an open door here.
A gnoll comes into view. It is wielding a +0 flail.
The gnoll shouts!
You hear a shout! x2
A gnoll comes into view. It is wielding a +0 flail.
A gnoll and a quokka come into view.
The gnoll shouts!
You hear a shout!
The quokka moves out of view.
A gnoll comes into view. It is wielding a +0 halberd.
You have nothing you can fire or use right now.
You miss the quokka.
The quokka bites you but does no damage. x2
You barely miss the quokka.
The quokka bites you but does no damage.
You slash the quokka!
You kill the quokka!
The gnoll hits you with a +0 flail! The gnoll barely misses you.
You see here a quokka corpse.
You closely miss the gnoll. The gnoll barely misses you.
The gnoll hits you but does no damage.
You closely miss the gnoll. You block the gnoll's attack.
The gnoll hits you from afar with a +0 halberd!
The gnoll barely misses you. The gnoll hits you but does no damage.
You barely miss the gnoll. The gnoll hits you with a +0 flail.
The gnoll hits you from afar with a +0 halberd!
* * * LOW HITPOINT WARNING * * *
Okay, then.
Okay, then.
The gnoll attacks as you move away! You block the gnoll's attack.
The gnoll attacks as you move away! The gnoll closely misses you.
The gnoll attacks as you move away! You block the gnoll's attack.
There is an escape hatch in the ceiling here.
The gnoll barely misses you.
The gnoll hits you from afar with a +0 halberd!
You die...

..# #.....g###g..... #..#######.
.)#####....g# ..... #..# #.
..'...#.....# .... #..# #.
..##........# ... #..# #.
..##........######### #..# #.
..##......#.gg.....# ##..#######.
..##......#........###.........#.
..##......####g....##..#######.#.
####..##### #.g@................
##...# #........########.##
#....# #.....#.>...........
#....# #####.#.#########.##
♣PPP♣♣ #.#.# ..#####.## ♣.PP♣
#.#.# #......... ♣♣.♣♣ #.#.#
#######.## .♣♣ #.#.# #......... ♣
#.#.# #.#####.##


You could see 4 gnolls.

Vanquished Creatures
  An adder (D:2)
  A dart slug (D:1)
  5 ball pythons (D:1)
  3 endoplasms (D:1)
  2 giant cockroaches (D:1)
  4 goblins
  5 hobgoblins
  4 jackals (D:2)
  8 kobolds
  A quokka (D:2)
  3 bats
  A rat (D:1)
38 creatures vanquished.

Notes
Turn   | Place    | Note
-------+----------+-------------------------------------------
     0 | D:1      | Graphine the Hill Orc Fighter began the quest for the Orb.
     0 | D:1      | Reached XP level 1. HP: 19/19 MP: 1/1
   135 | D:1      | Reached XP level 2. HP: 19/27 MP: 2/2
   232 | D:1      | Reached skill level 1 in Invocations
   309 | D:1      | Reached skill level 4 in Fighting
   465 | D:1      | Reached XP level 3. HP: 31/33 MP: 2/4
  1291 | D:2      | HP: 1/34 [gnoll/+0 halberd (10)]
  1302 | D:2      | Mangled by a gnoll

Illustrated notes

Levels and vault maps discovered:
D:1:      dpeg_arrival_stone_temple_mockup, layout_loops_ring,
          grunt_decor_arrowhead, minmay_bisected
D:2:      layout_basic, basic_altar, minmay_misc_feat_room,
          uniq_crazy_yiuf_cottage

Skill      XL: |  1  2  3 |
---------------+----------+-----
Axes           | 3 |  3.6
Invocations    | 1 2 |  2.1
Fighting       | 4 |  4.3
Armour         | |  3.6
Shields        | |  3.3

Action                     || total
---------------------------++-------
  Melee: War axe           ||   107
    Use: Scroll            ||     4
 Armour: Scale mail        ||    68
  Dodge: Dodged            ||    61
  Block: Buckler           ||    25
